Workbook
Name Auxiliar: #REF!
Name Auxiliar: #REF!
Name CUSTO_VALE_TRANSPORTE: #REF!
Name CUSTO_VALE_TRANSPORTE: #REF!
Name ecwece4c: #REF!
Name ecwece4c: #REF!
Name MOMB4: '[1]SERVENTE MANUTENCAO'!$I$144
Name MONA1: #REF!
Name MONA1: #REF!
Name MONA2: #REF!
Name MONA2: #REF!
Name MONA3: [2]HIDRAULICO!$I$138
Name MONA4: '[2]SERVENTE (AUX PRODUCAO)'!$I$138
Name MONA5: #REF!
Name MONA5: #REF!
Name MONA6: #REF!
Name MONA6: #REF!
Name MONA7: #REF!
Name MONA7: #REF!
Name MONA8: [2]MECANICO_REFRIGERACAO!$I$138
Name MONB1: #REF!
Name MONB1: #REF!
Name MONB2: #REF!
Name MONB2: #REF!
Name MONB3: [2]HIDRAULICO!$I$144
Name MONB4: '[2]SERVENTE (AUX PRODUCAO)'!$I$144
Name MONB5: #REF!
Name MONB5: #REF!
Name MONB6: #REF!
Name MONB6: #REF!
Name MONB7: #REF!
Name MONB7: #REF!
Name MONB8: [2]MECANICO_REFRIGERACAO!$I$144
Name MONC1: #REF!
Name MONC1: #REF!
Name MONC2: #REF!
Name MONC2: #REF!
Name MONC3: [2]HIDRAULICO!$I$148
Name MONC4: '[2]SERVENTE (AUX PRODUCAO)'!$I$148
Name MONC5: #REF!
Name MONC5: #REF!
Name MONC6: #REF!
Name MONC6: #REF!
Name MONC7: #REF!
Name MONC7: #REF!
Name MONC8: [2]MECANICO_REFRIGERACAO!$I$148
Name mont: #REF!
Name mont: #REF!
Name MONTANTEA: #REF!
Name MONTANTEA: #REF!
Name MONTANTEA1: #REF!
Name MONTANTEA1: #REF!
Name MONTANTEA2: #REF!
Name MONTANTEA2: #REF!
Name MONTANTEB: #REF!
Name MONTANTEB: #REF!
Name MONTANTEB1: #REF!
Name MONTANTEB1: #REF!
Name MONTANTEB2: #REF!
Name MONTANTEB2: #REF!

Sheet Vigilante diurno
A1: PLANILHA DE CUSTOS E FORMAÇÃO DE PREÇOS DE SERVIÇOS CONTINUADOS COM DEDICAÇÃO EXCLUSIVA DE MÃO DE OBRA (ANEXO III - DECRETOS 52.768 de 15.12.2015)
A2: PROCESSO: | C2: 25/2000-0162808-8 | E2: REGIME DE TRIBUTAÇÃO: LUCRO REAL e PRESUMIDO (*)
A3: LICITAÇÃO/EDITAL | E3: ABERTURA:
A5: Cargo/Função: | D5: Vigilantes | G5: =IF(D6="12x36","Regime de trabalho:","Quantidade de HORAS/MÊS") -> Regime de trabalho: | I5: =IF(D6="12x36",D6,5*D6) -> 12X36
A6: =IF(D6="12x36","Regime de trabalho:","Regime de trabalho (horas semanais):") -> Regime de trabalho: | D6: 12X36
A7: Convenção Coletiva de Trabalho: | D7: CCT RS000837/2025 | G7: INSALUBRIDADE (10%, 20%, 40%) | I7: Não aplicável
A8: Origem do salário: | D8: CCT RS000837/2025
A9: Cidade: | D9: Porto Alegre | G9: PERICULOSIDADE (30%) | I9: 0.3
A10: Salário Normativo | G10: Vlr. do salário e nº de horas correspondentes | H10: 220 | I10: 2105.4
A11: ISS | H11: Alíquota | I11: 0.025
A12: Adicional Troca de Uniforme (somente para postos de vigilantes que prevêm pagamento para troca de uniforme na CCT) | G12: CCT | H12: Valor | I12: 1.59
A13: Quantidade de dias trabalhados no mês | I13: 15
A14: Tarifa Transporte | G14: CCT | H14: Vr. Unitário | I14: 5
H15: Dias | I15: =I13 -> 15
H16: Desconto | I16: 0.06
A17: Auxílio Alimentação | G17: CCT | H17: Vr. Unitário | I17: 30
H18: Dias | I18: =I13 -> 15
H19: Desconto | I19: 0.2
A20: Auxílio Lanche | G20: CCT | H20: Vr. Unitário | I20: 0
H21: Dias | I21: =I13 -> 15
H22: Desconto | I22: 0
A23: Custeio Compulsório para a Apredizagem - cláusula 93ª | G23: CCT | H23: Valor mensal | I23: 90.04
A24: Adicional de Supervisor (37%) | H24: Porcentagem
A25: Base de cálculo da insalubridade | H25: Valor | I25: Não aplicável
A26: Quantitativo de horas trabalhadas em feriados no mês (estimado) - Não aplicável para postos 12x36 | H26: Horas por mês | I26: Não aplicável
H27: Acréscimo da hora extra | I27: Não aplicável
A28: Hora Intervalar (somente para postos 12x36, quando for o caso) | H28: Horas por mês | I28: 15
A29: Sem fornecimento de materiais ou apenas fornecimento de EPIs ou uniformes, utilizar 10%. Com fornecimento de materiais ou equipamentos, utilizar 20%. (Decreto 52.768/2015, alterado pelo Decreto 53.424/2017) | H29: Porcentagem | I29: 0.2
A31: MONTANTE A
A32: I | B32: Remuneração - Grupo I | H32: % | I32: Valor Mensal/unidade de serviço (R$)
A33: 1 | B33: Salário | H33: =I33/$I$44 -> 0.75891438 | I33: =IF(D6="12x36",I10,I10/H10*I5) -> 2105.4
A34: =A33+1 -> 2 | B34: Adicional Periculosidade 30% | H34: =I34/$I$44 -> 0.23076923 | I34: =IF(I9=30%,(I33+I41+I42)*I9,0) -> 640.206
A35: =A34+1 -> 3 | B35: Adicional Insalubridade 10% (Ver súmula 228 e 139 TST) | H35: =I35/$I$44 -> 0 | I35: =IF(I7=10%,I25*I7,0) -> 0
A36: =A35+1 -> 4 | B36: Adicional Insalubridade 20% (Ver súmula 228 e 139 TST) | H36: =I36/$I$44 -> 0 | I36: =IF(I7=20%,I25*I7,0) -> 0
A37: =A36+1 -> 5 | B37: Adicional Insalubridade 40% (Ver súmula 228 e 139 TST) | H37: =I37/$I$44 -> 0 | I37: =IF(I7=40%,I25*I7,0) -> 0
A38: =A37+1 -> 6 | B38: Adicional de Supervisor (IN 02/2008 MPOG SLTI) | H38: =I38/$I$44 -> 0 | I38: =IF(I24="Não aplicável",0,I33*I24) -> 0
A39: =A38+1 -> 7 | B39: Feriados | H39: =I39/$I$44 -> 0 | I39: =IF(I26="Não aplicável",0,(I33+I34+I35+I36+I37+I38+I43)/I5*I26*(1+I27)) -> 0
A40: =A39+1 -> 8 | B40: DSR = número total das horas extras do mês / número de dias úteis X domingos e feriados do mês X valor da hora extra com acréscimo | H40: =I40/$I$44 -> 0 | I40: =IF(I26="Não aplicável",0,I26/I13*5*(I10/H10*(1+I27))) -> 0
A41: =A40+1 -> 9 | B41: Adicional Troca de Uniforme | H41: =I41/$I$44 -> 0.0085969925 | I41: =I12*I13 -> 23.85
A42: =A41+1 -> 10 | B42: Integração RSF (20% sobre Ad.Troca de Uniforme - somente para vigilantes) | H42: =I42/$I$44 -> 0.0017193985 | I42: =I41*20% -> 4.77
A43: =A42+1 -> 11 | B43: =IF(D6="12x36","Para postos 12x36 os feriados são considerados compensados, conforme parágrafo único, Art. 59-A da CLT","Outros") -> Para postos 12x36 os feriados são considerados compensados, conforme parágrafo único, Art. 59-A da CLT | H43: =I43/$I$44 -> 0 | I43: 0
A44: Total de Remuneração | H44: =SUM(H33:H43) -> 1 | I44: =SUM(I33:I43) -> 2774.226
A46: II | B46: Encargos Sociais - Grupo II: Obrigações Sociais | H46: % | I46: Valor Mensal/unidade de serviço (R$)
A47: 1 | B47: INSS (art. 22, inc. I, Lei nº 8.212/91) | H47: 0.2 | I47: =$I$44*H47 -> 554.8452
A48: 2 | B48: SESI ou SESC (art. 30, Lei nº 8.036/90) | H48: 0.015 | I48: =$I$44*H48 -> 41.61339
A49: 3 | B49: SENAI ou SENAC (Decreto-Lei nº 2.318/86) | H49: 0.01 | I49: =$I$44*H49 -> 27.74226
A50: 4 | B50: INCRA (art. 15I, Lei Complementar nº 011/71) | H50: 0.002 | I50: =$I$44*H50 -> 5.548452
A51: 5 | B51: SALÁRIO EDUCAÇÃO (art. , inc. I, Decreto nº 87.043/82) | H51: 0.025 | I51: =$I$44*H51 -> 69.35565
A52: 6 | B52: FGTS (art. 15, Lei nº 8.036/90) | H52: 0.08 | I52: =$I$44*H52 -> 221.93808
A53: 7 | B53: SEG. ACIDENTE DO TRABALHO 1%, 2% e 3% (art. 22, inc. II, alíneas "b" e "c", da Lei nº 8.212/91) | H53: 0.005 | I53: =$I$44*H53 -> 13.87113
A54: 8 | B54: SEBRAE (§ 3º, art. 8º, Lei nº 8.029/90) | H54: 0.006 | I54: =$I$44*H54 -> 16.645356
A55: Total do Grupo II | H55: =SUM(H47:H54) -> 0.343 | I55: =SUM(I47:I54) -> 951.55952
A56: Os percentuais para o SAT podem variar de 0,50% a 6,00% em função do Fator de Acidente Previdenciário (FAP), Decreto nº 6.957/2009
A57: Deverá obrigatoriamente acompanhar a proposta de preços e a planilha de custos e formação de preços a prova do Fator Acidentário de Prevenção – FAP por meio de impressão de consulta ao site do Ministério da Previdência Social (que pode ser obtido no endereço eletrônico http://www2.dataprev.gov.br/fap/fap.htm), independentemente de alteração da alíquota da parcela do Seguro Acidente de Trabalho disposta no Quadro II da referida planilha.
A58: III | B58: Encargos Sociais - Grupo III: Tempo Não Trabalhado | H58: % | I58: Valor Mensal/unidade de serviço (R$)
A59: 1 | B59: FÉRIAS GOZADAS + ADICIONAL DE FÉRIAS | H59: 0.119314 | I59: =$I$44*H59 -> 331.004
A60: 2 | B60: FALTAS ABONADAS (3) | H60: 0.020479 | I60: =$I$44*H60 -> 56.813374
A61: 3 | B61: FALTAS LEGAIS (4) | H61: 0.012123 | I61: =$I$44*H61 -> 33.631942
A62: 4 | B62: LICENÇA MATERNIDADE | H62: 0.011436 | I62: =$I$44*H62 -> 31.726049
A63: 5 | B63: LICENÇA PATERNIDADE | H63: 0.000174 | I63: =$I$44*H63 -> 0.48271532
A64: 6 | B64: ACIDENTE DE TRABALHO | H64: 0.000442 | I64: =$I$44*H64 -> 1.2262079
A65: 7 | B65: AVISO PRÉVIO TRABALHADO | H65: 0.000185 | I65: =$I$44*H65 -> 0.51323181
A66: 8 | B66: 13º SALÁRIO | H66: 0.09079 | I66: =$I$44*H66 -> 251.87198
A67: Total do Grupo III | H67: =SUM(H59:H66) -> 0.254943 | I67: =SUM(I59:I66) -> 707.2695
A68: (3) | B68: Faltas Justificadas por Auxílio Doença
A69: (4) | B69: Faltas Legais - Art. 473 CLT
A70: IV | B70: Encargos Sociais - Grupo IV: Indenizações | H70: % | I70: Valor Mensal/unidade de serviço (R$)
A71: 1 | B71: INDENIZAÇÕES | H71: 0.023627 | I71: =$I$44*H71 -> 65.546638
A72: 2 | B72: FGTS SOBRE INDENIZAÇÕES | H72: 0.001717 | I72: =$I$44*H72 -> 4.763346
A73: 3 | B73: INDENIZAÇÃO COMPENSATÓRIA POR DEMISSÃO SEM JUSTA CAUSA | H73: 0.009451 | I73: =$I$44*H73 -> 26.21921
A74: Total do Grupo IV | H74: =SUM(H71:H73) -> 0.034795 | I74: =SUM(I71:I73) -> 96.529194
A76: V | B76: Encargos Sociais - Grupo V: Incidências | H76: % | I76: Valor Mensal/unidade de serviço (R$)
A77: 1 | B77: INCIDÊNCIA GRUPO II (Obrigações Sociais) X GRUPO III (Tempo Não Trabalhado) | H77: =(H55*H67) -> 0.087445449 | I77: =$I$44*H77 -> 242.59344
A78: Total do Grupo V | H78: =SUM(H77:H77) -> 0.087445449 | I78: =I77 -> 242.59344
A80: TOTAL DOS ENCAGOS SOCIAIS (II + III + IV + V) | H80: =H55+H67+H74+H78 -> 0.72018345 | I80: =I55+I67+I74+I78 -> 1997.9516
A82: VI | B82: Demais custos relativos à Norma Coletiva ou Disposições Legais - Grupo VI | H82: % | I82: Valor Mensal/unidade de serviço (R$)
A83: 1 | B83: Auxílio Alimentação | H83: =I83/$I$44 -> 0.12976592 | I83: =I100 -> 360
A84: 2 | B84: Auxílio Lanche | H84: =I84/$I$44 -> 0 | I84: =I96 -> 0
A85: 3 | B85: Vale-Transporte⁽⁵⁾ | H85: =I85/$I$44 -> 0.0085342723 | I85: =I92 -> 23.676
A86: 4 | B86: Adicional Intervalar | H86: =I86/$I$44 -> 0.077616243 | I86: =IF(I28="Não aplicável",0,((I10/H10)*1.5*I28)) -> 215.325
A87: 5 | B87: Outros | H87: =I87/$I$44 -> 0.032455899 | I87: =IF(I23="Não aplicável",0,I23) -> 90.04
A88: Total do Grupo VI | H88: =SUM(H83:H87) -> 0.24837234 | I88: =SUM(I83:I87) -> 689.041
A89: (5) | B89: O valor do vale-transporte pode variar de acordo com o modal fornecido pelo empregador.
A90: MEMÓRIA DE CÁLCULO DO VALE TRANSPORTE
A91: Valor Unitário | C91: Dias de Trabalho | D91: Vale p/dia | E91: Custo total | F91: Base de cálculo | G91: Percentual de desconto | H91: Valor desconto | I91: Custo efetivo
A92: =I14 -> 5 | C92: =I15 -> 15 | D92: 2 | E92: =A92*C92*D92 -> 150 | F92: =I33 -> 2105.4 | G92: =I16 -> 0.06 | H92: =F92*G92 -> 126.324 | I92: =IF((E92-H92)>0,E92-H92,0) -> 23.676
A94: MEMÓRIA DE CÁLCULO DO VALE LANCHE
A95: Valor Unitário | C95: Dias por mês | D95: Vale p/dia | E95: Custo total | F95: Base de cálculo | G95: Percentual de desconto | H95: Valor desconto | I95: Custo efetivo
A96: =I20 -> 0 | C96: =I21 -> 15 | D96: 1 | E96: =A96*C96*D96 -> 0 | F96: =E96 -> 0 | G96: =I22 -> 0 | H96: =F96*G96 -> 0 | I96: =E96-H96 -> 0
A98: MEMÓRIA DE CÁLCULO DO VALE ALIMENTAÇÃO
A99: Valor Unitário | C99: Dias por mês | D99: Vale p/dia | E99: Custo total | F99: Base de cálculo | G99: Percentual de desconto | H99: =H91 -> Valor desconto | I99: Custo efetivo
A100: =I17 -> 30 | C100: =I18 -> 15 | D100: 1 | E100: =A100*C100*D100 -> 450 | F100: =E100 -> 450 | G100: =I19 -> 0.2 | H100: =F100*G100 -> 90 | I100: =E100-H100 -> 360
A102: TOTAL DO MONTANTE A (I + II + III+ IV + V +VI) | H102: =H44+H80+H88 -> 1.9685558 | I102: =I44+I80+I88 -> 5461.2186
A104: MONTANTE B
A105: I | B105: Despesas Diretas | H105: % | I105: Valor Mensal/unidade de serviço (R$)
A106: 1 | B106: Transporte (6) | H106: =I106/$I$117 -> 0 | I106: 0
A107: 2 | B107: Uniformes/EPI (6a) | H107: =I107/$I$117 -> 0 | I107: =IF(F115=10%,G115,0) -> 0
A108: 3 | B108: Seguro de vida | H108: =I108/$I$117 -> 0 | I108: 0
A109: 4 | B109: Materiais/Equipamentos | H109: =I109/$I$117 -> 0 | I109: 0
A110: 5 | B110: Mobilização (7) | H110: =I110/$I$117 -> 0 | I110: 0
...

Sheet Vigilante noturno
A1: PLANILHA DE CUSTOS E FORMAÇÃO DE PREÇOS DE SERVIÇOS CONTINUADOS COM DEDICAÇÃO EXCLUSIVA DE MÃO DE OBRA (ANEXO III - DECRETOS 52.768 de 15.12.2015)
A2: PROCESSO: | C2: 25/2000-0162808-8 | E2: REGIME DE TRIBUTAÇÃO: LUCRO REAL e PRESUMIDO (*)
A3: LICITAÇÃO/EDITAL | E3: ABERTURA:
A5: Cargo/Função: | D5: Vigilantes | G5: =IF(D6="12x36","Regime de trabalho:","Quantidade de HORAS/MÊS") -> Regime de trabalho: | I5: =IF(D6="12x36",D6,5*D6) -> 12X36
A6: =IF(D6="12x36","Regime de trabalho:","Regime de trabalho (horas semanais):") -> Regime de trabalho: | D6: 12X36
A7: Convenção Coletiva de Trabalho: | D7: CCT RS000837/2025 | G7: INSALUBRIDADE (10%, 20%, 40%) | I7: Não aplicável
A8: Origem do salário: | D8: CCT RS000837/2025
A9: Cidade: | D9: Porto Alegre | G9: PERICULOSIDADE (30%) | I9: 0.3
A10: Salário Normativo | G10: Vlr. do salário e nº de horas correspondentes | H10: 220 | I10: 2105.4
A11: ISS | G11: =D9 -> Porto Alegre | H11: Alíquota | I11: 0.025
A12: Adicional Troca de Uniforme (somente para postos de vigilantes que prevêm pagamento para troca de uniforme na CCT) | G12: CCT | H12: Valor | I12: 1.59
A13: Quantidade de dias trabalhados no mês | I13: 15
A14: Tarifa Transporte | G14: CCT | H14: Vr. Unitário | I14: 5
H15: Dias | I15: =I13 -> 15
H16: Desconto | I16: 0.06
A17: Vale Alimentação | G17: CCT | H17: Vr. Unitário | I17: 30
H18: Dias | I18: =I13 -> 15
H19: Desconto | I19: 0.2
A20: Auxílio Lanche | G20: CCT | H20: Vr. Unitário | I20: 0
H21: Dias | I21: =I13 -> 15
H22: Desconto | I22: 0
A23: Custeio Compulsório para a Apredizagem - cláusula 93ª | G23: CCT | H23: Valor mensal | I23: 90.04
A24: Adicional de Supervisor (37%) | H24: Porcentagem
A25: Base de cálculo da insalubridade | H25: Valor | I25: Não aplicável
A26: Quantitativo de horas trabalhadas em feriados no mês (estimado) - Não aplicável para postos 12x36 | H26: Horas por mês | I26: Não aplicável
H27: Acréscimo da hora extra | I27: Não aplicável
A28: Hora Intervalar (somente para postos 12x36, quando for o caso) | H28: Horas por mês | I28: 15
A29: Sem fornecimento de materiais ou apenas fornecimento de EPIs ou uniformes, utilizar 10%. Com fornecimento de materiais ou equipamentos, utilizar 20%. (Decreto 52.768/2015, alterado pelo Decreto 53.424/2017) | H29: Porcentagem | I29: 0.2
A30: Adicional Noturno: Horas: [(60/52,5) x Nº de horas noturnas diárias] x Nº de dias trabalhados com hora noturna Valor hora: (vlr. do salário/nº de horas correspondente do salário) x 20% (noturno) | G30: CCT | H30: Nº horas | I30: =((60/52.5)*7)*15 -> 120
H31: Vr. Hora | I31: =I10/H10*20% -> 1.914
A32: Reduzida Noturna Horas Reduzidas: 60/52,5=1,143 x 7h noturnas = 8h noturnas 5h diurnas + 8h noturnas = 13h X 15 dias = 195 horas mensais 195h - 190,67 = 4,33 horas Valor hora: (vlr. do salário/nº de horas correspondente do salário) x 150% (H.Extra) | G32: CCT | H32: Nº horas | I32: =((5+7+1)*15)-190.67 -> 4.33
H33: Vr. Hora | I33: =(I10/H10)*1.5 -> 14.355
A35: MONTANTE A
A36: I | B36: Remuneração - Grupo I | H36: % | I36: Valor Mensal/unidade de serviço (R$)
A37: 1 | B37: Salário | H37: =I37/$I$52 -> 0.65192917 | I37: =IF(D6="12x36",I10,I10/H10*I5) -> 2105.4
A38: =A37+1 -> 2 | B38: Adicional Noturno 20% (Ver súmula 60 TST) | H38: =I38/$I$52 -> 0 | I38: 0
A39: =A38+1 -> 3 | B39: Adicional Periculosidade 30% | H39: =I39/$I$52 -> 0.23076923 | I39: =IF(I9=30%,(I37+I49+I46+I47+I48+I50)*I9,0) -> 745.26737
A40: =A39+1 -> 4 | B40: Adicional Insalubridade 10% (Ver súmula 228 e 139 TST) | H40: =I40/$I$52 -> 0 | I40: =IF(I7=10%,I25*I7,0) -> 0
A41: =A40+1 -> 5 | B41: Adicional Insalubridade 20% (Ver súmula 228 e 139 TST) | H41: =I41/$I$52 -> 0 | I41: =IF(I7=20%,I25*I7,0) -> 0
A42: =A41+1 -> 6 | B42: Adicional Insalubridade 40% (Ver súmula 228 e 139 TST) | H42: =I42/$I$52 -> 0 | I42: =IF(I7=40%,I25*I7,0) -> 0
A43: =A42+1 -> 7 | B43: Adicional de Supervisor (IN 02/2008 MPOG SLTI) | H43: =I43/$I$52 -> 0 | I43: =IF(I24="Não aplicável",0,I37*I24) -> 0
A44: =A43+1 -> 8 | B44: Feriados | H44: =I44/$I$52 -> 0 | I44: =IF(I26="Não aplicável",0,(I37+I38+I39+I40+I41+I42+I43+I51)/I5*I26*(1+I27)) -> 0
A45: =A44+1 -> 9 | B45: DSR = número total das horas extras do mês / número de dias úteis X domingos e feriados do mês X valor da hora extra com acréscimo | H45: =I45/$I$52 -> 0 | I45: =IF(I26="Não aplicável",0,I26/I13*5*(I10/H10*(1+I27))) -> 0
A46: =A45+1 -> 10 | B46: Reduzida Noturna | H46: =I46/$I$52 -> 0.019246727 | I46: =I32*I33 -> 62.15715
A47: =A46+1 -> 11 | B47: Adicional Noturno | H47: =I47/$I$52 -> 0.071119546 | I47: =I30*I31 -> 229.68
A48: =A47+1 -> 12 | B48: Integração RSRF (20%) sobre H. Extra Red. Noturna e Adic Noturno = [Reduzida Noturna + Adic. Noturno]*[Descanso Semanal Remunerado] (20%) | H48: =I48/$I$52 -> 0.018073255 | I48: =(I46+I47)*0.2 -> 58.36743
A49: =A48+1 -> 13 | B49: Adicional Troca de Uniforme | H49: =I49/$I$52 -> 0.0073850625 | I49: =I12*I13 -> 23.85
A50: =A49+1 -> 14 | B50: Integração RSF (20% sobre Ad.Troca de Uniforme) | H50: =I50/$I$52 -> 0.0014770125 | I50: =I49*20% -> 4.77
A51: =A50+1 -> 15 | B51: =IF(D6="12x36","Para postos 12x36 os feriados são considerados compensados, conforme parágrafo único, Art. 59-A da CLT","Outros") -> Para postos 12x36 os feriados são considerados compensados, conforme parágrafo único, Art. 59-A da CLT | H51: =I51/$I$52 -> 0 | I51: 0
A52: Total de Remuneração | H52: =SUM(H37:H51) -> 1 | I52: =SUM(I37:I51) -> 3229.492
A54: II | B54: Encargos Sociais - Grupo II: Obrigações Sociais | H54: % | I54: Valor Mensal/unidade de serviço (R$)
A55: 1 | B55: INSS (art. 22, inc. I, Lei nº 8.212/91) | H55: 0.2 | I55: =$I$52*H55 -> 645.89839
A56: 2 | B56: SESI ou SESC (art. 30, Lei nº 8.036/90) | H56: 0.015 | I56: =$I$52*H56 -> 48.442379
A57: 3 | B57: SENAI ou SENAC (Decreto-Lei nº 2.318/86) | H57: 0.01 | I57: =$I$52*H57 -> 32.29492
A58: 4 | B58: INCRA (art. 15I, Lei Complementar nº 011/71) | H58: 0.002 | I58: =$I$52*H58 -> 6.4589839
A59: 5 | B59: SALÁRIO EDUCAÇÃO (art. , inc. I, Decreto nº 87.043/82) | H59: 0.025 | I59: =$I$52*H59 -> 80.737299
A60: 6 | B60: FGTS (art. 15, Lei nº 8.036/90) | H60: 0.08 | I60: =$I$52*H60 -> 258.35936
A61: 7 | B61: SEG. ACIDENTE DO TRABALHO 1%, 2% e 3% (art. 22, inc. II, alíneas "b" e "c", da Lei nº 8.212/91) | H61: 0.005 | I61: =$I$52*H61 -> 16.14746
A62: 8 | B62: SEBRAE (§ 3º, art. 8º, Lei nº 8.029/90) | H62: 0.006 | I62: =$I$52*H62 -> 19.376952
A63: Total do Grupo II | H63: =SUM(H55:H62) -> 0.343 | I63: =SUM(I55:I62) -> 1107.7157
A64: Os percentuais para o SAT podem variar de 0,50% a 6,00% em função do Fator de Acidente Previdenciário (FAP), Decreto nº 6.957/2009
A65: Deverá obrigatoriamente acompanhar a proposta de preços e a planilha de custos e formação de preços a prova do Fator Acidentário de Prevenção – FAP por meio de impressão de consulta ao site do Ministério da Previdência Social (que pode ser obtido no endereço eletrônico http://www2.dataprev.gov.br/fap/fap.htm), independentemente de alteração da alíquota da parcela do Seguro Acidente de Trabalho disposta no Quadro II da referida planilha.
A66: III | B66: Encargos Sociais - Grupo III: Tempo Não Trabalhado | H66: % | I66: Valor Mensal/unidade de serviço (R$)
A67: 1 | B67: FÉRIAS GOZADAS + ADICIONAL DE FÉRIAS | H67: 0.119314 | I67: =$I$52*H67 -> 385.3236
A68: 2 | B68: FALTAS ABONADAS (3) | H68: 0.020479 | I68: =$I$52*H68 -> 66.136766
A69: 3 | B69: FALTAS LEGAIS (4) | H69: 0.012123 | I69: =$I$52*H69 -> 39.151131
A70: 4 | B70: LICENÇA MATERNIDADE | H70: 0.011436 | I70: =$I$52*H70 -> 36.93247
A71: 5 | B71: LICENÇA PATERNIDADE | H71: 0.000174 | I71: =$I$52*H71 -> 0.5619316
A72: 6 | B72: ACIDENTE DE TRABALHO | H72: 0.000442 | I72: =$I$52*H72 -> 1.4274354
A73: 7 | B73: AVISO PRÉVIO TRABALHADO | H73: 0.000185 | I73: =$I$52*H73 -> 0.59745601
A74: 8 | B74: 13º SALÁRIO | H74: 0.09079 | I74: =$I$52*H74 -> 293.20557
A75: Total do Grupo III | H75: =SUM(H67:H74) -> 0.254943 | I75: =SUM(I67:I74) -> 823.33637
A76: (3) | B76: Faltas Justificadas por Auxílio Doença
A77: (4) | B77: Faltas Legais - Art. 473 CLT
A78: IV | B78: Encargos Sociais - Grupo IV: Indenizações | H78: % | I78: Valor Mensal/unidade de serviço (R$)
A79: 1 | B79: INDENIZAÇÕES | H79: 0.023627 | I79: =$I$52*H79 -> 76.303206
A80: 2 | B80: FGTS SOBRE INDENIZAÇÕES | H80: 0.001717 | I80: =$I$52*H80 -> 5.5450377
A81: 3 | B81: INDENIZAÇÃO COMPENSATÓRIA POR DEMISSÃO SEM JUSTA CAUSA | H81: 0.009451 | I81: =$I$52*H81 -> 30.521928
A82: Total do Grupo IV | H82: =SUM(H79:H81) -> 0.034795 | I82: =SUM(I79:I81) -> 112.37017
A84: V | B84: Encargos Sociais - Grupo V: Incidências | H84: % | I84: Valor Mensal/unidade de serviço (R$)
A85: 1 | B85: INCIDÊNCIA GRUPO II (Obrigações Sociais) X GRUPO III (Tempo Não Trabalhado) | H85: =(H63*H75) -> 0.087445449 | I85: =$I$52*H85 -> 282.40437
A86: Total do Grupo V | H86: =SUM(H85:H85) -> 0.087445449 | I86: =I85 -> 282.40437
A88: TOTAL DOS ENCAGOS SOCIAIS (II + III + IV + V) | H88: =H63+H75+H82+H86 -> 0.72018345 | I88: =I63+I75+I82+I86 -> 2325.8267
A90: VI | B90: Demais custos relativos à Norma Coletiva ou Disposições Legais - Grupo VI | H90: % | I90: Valor Mensal/unidade de serviço (R$)
A91: 1 | B91: Auxílio Alimentação | H91: =I91/$I$52 -> 0.11147264 | I91: =I108 -> 360
A92: 2 | B92: Auxílio Lanche | H92: =I92/$I$52 -> 0 | I92: =I104 -> 0
A93: 3 | B93: Vale-Transporte⁽⁵⁾ | H93: =I93/$I$52 -> 0.0073311841 | I93: =I100 -> 23.676
A94: 4 | B94: Adicional Intervalar | H94: =I94/$I$52 -> 0.066674574 | I94: =IF(I28="Não aplicável",0,((I10/H10)*1.5*I28)) -> 215.325
A95: 5 | B95: Outros | H95: =I95/$I$52 -> 0.027880546 | I95: =IF(I23="Não aplicável",0,I23) -> 90.04
A96: Total do Grupo VI | H96: =SUM(H91:H95) -> 0.21335895 | I96: =SUM(I91:I95) -> 689.041
A98: MEMÓRIA DE CÁLCULO DO VALE TRANSPORTE
A99: Valor Unitário | C99: Dias de Trabalho | D99: Vale p/dia | E99: Custo total | F99: Base de cálculo | G99: Percentual de desconto | H99: Valor desconto | I99: Custo efetivo
A100: =I14 -> 5 | C100: =I15 -> 15 | D100: 2 | E100: =A100*C100*D100 -> 150 | F100: =I37 -> 2105.4 | G100: =I16 -> 0.06 | H100: =F100*G100 -> 126.324 | I100: =IF((E100-H100)>0,E100-H100,0) -> 23.676
A102: MEMÓRIA DE CÁLCULO DO VALE LANCHE
A103: Valor Unitário | C103: Dias por mês | D103: Vale p/dia | E103: Custo total | F103: Base de cálculo | G103: Percentual de desconto | H103: Valor desconto | I103: Custo efetivo
A104: =I20 -> 0 | C104: =I21 -> 15 | D104: 1 | E104: =A104*C104*D104 -> 0 | F104: =E104 -> 0 | G104: =I22 -> 0 | H104: =F104*G104 -> 0 | I104: =E104-H104 -> 0
A106: MEMÓRIA DE CÁLCULO DO VALE ALIMENTAÇÃO
A107: Valor Unitário | C107: Dias por mês | D107: Vale p/dia | E107: Custo total | F107: Base de cálculo | G107: Percentual de desconto | H107: =H99 -> Valor desconto | I107: Custo efetivo
A108: =I17 -> 30 | C108: =I18 -> 15 | D108: 1 | E108: =A108*C108*D108 -> 450 | F108: =E108 -> 450 | G108: =I19 -> 0.2 | H108: =F108*G108 -> 90 | I108: =E108-H108 -> 360
A110: TOTAL DO MONTANTE A (I + II + III+ IV + V +VI) | H110: =H52+H88+H96 -> 1.9335424 | I110: =I52+I88+I96 -> 6244.3596
...

Sheet Resumo
A2: Quadro Resumo Mensal
A3: Função | B3: Cidade | C3: Carga Horária | D3: Dias da semana | E3: Valor Unitário | F3: Nº de Postos | G3: Valor Total
A4: Vigilante Diurno | B4: POA | C4: 12x36 | E4: ='Vigilante diurno'!I177 -> 11638.18 | F4: 2 | G4: =F4*E4 -> 23276.36
A5: Vigilante Noturno | B5: POA | C5: 12x36 | E5: ='Vigilante noturno'!I185 -> 13307.1 | F5: 3 | G5: =F5*E5 -> 39921.3
A6: TOTAL | F6: =SUM(F4:F5) -> 5 | G6: =SUM(G4:G5) -> 63197.66
A8: Função | B8: Nº de Postos | C8: V. Unit Mont A | D8: V. Unit Mont B | E8: V. Unit Mont C | F8: V. Mont A | G8: V. Mont B | H8: V. Mont C
A9: Vigilante Diurno | B9: 2 | C9: ='Vigilante diurno'!I161*2 -> 10922.44 | D9: ='Vigilante diurno'!I167*2 -> 0 | E9: ='Vigilante diurno'!I171*2 -> 715.74 | F9: =C9*B9 -> 21844.88 | G9: =D9*B9 -> 0 | H9: =E9*B9 -> 1431.48
A10: Vigilante Noturno | B10: 3 | C10: ='Vigilante noturno'!I169*2 -> 12488.72 | D10: ='Vigilante noturno'!I175*2 -> 0 | E10: ='Vigilante noturno'!I179*2 -> 818.38 | F10: =C10*B10 -> 37466.16 | G10: =D10*B10 -> 0 | H10: =E10*B10 -> 2455.14
B11: =SUM(B9:B10) -> 5 | F11: =SUM(F9:F10) -> 59311.04 | G11: =SUM(G9:G10) -> 0 | H11: =SUM(H9:H10) -> 3886.62
G13: Montante A | H13: =F11 -> 59311.04
G14: Montante B | H14: =G11 -> 0
G15: Montante C | H15: =H11 -> 3886.62
G16: Total | H16: =SUM(H13:H15) -> 63197.66
